[ AOE2 MATCH · #488775042 ]
UnrankedMongols vs Vikings
[ REPLAY ANALYSIS · EXTRACTED FROM THE RECORDED GAME ]
Feudal
8:51
Castle
19:52
Imperial
—
| APM avg | 41.0 |
| APM peak | 68 |
| eAPM avg | 18.2 |
| Villagers / military | 51 / 6 |
Focus
⚔️ 23.8% · 🌾 76.2%
Scout Cavalry ×4 · Knight ×2
Feudal
10:20
Castle
21:40
Imperial
—
| APM avg | 34.1 |
| APM peak | 65 |
| eAPM avg | 17.1 |
| Villagers / military | 58 / 11 |
Focus
⚔️ 26.7% · 🌾 73.3%
Skirmisher ×9 · Archer ×2
Feudal
10:07
Castle
14:11
Imperial
—
| APM avg | 36.6 |
| APM peak | 66 |
| eAPM avg | 14.8 |
| Villagers / military | 51 / 20 |
Focus
⚔️ 33.6% · 🌾 66.4%
Knight ×20
Feudal
9:56
Castle
22:11
Imperial
—
| APM avg | 42.3 |
| APM peak | 71 |
| eAPM avg | 17.2 |
| Villagers / military | 38 / 24 |
Focus
⚔️ 46.8% · 🌾 53.2%
Archer ×24
Feudal
8:51
Castle
18:39
Imperial
—
| APM avg | 47.6 |
| APM peak | 86 |
| eAPM avg | 18.9 |
| Villagers / military | 53 / 22 |
Focus
⚔️ 32.3% · 🌾 67.7%
Knight ×13 · Scout Cavalry ×9
Feudal
11:22
Castle
14:52
Imperial
—
| APM avg | 52.2 |
| APM peak | 82 |
| eAPM avg | 23.8 |
| Villagers / military | 44 / 0 |
Focus
⚔️ 43.6% · 🌾 56.4%
Unknown (1908) ×12
Feudal
11:29
Castle
16:03
Imperial
—
| APM avg | 22.4 |
| APM peak | 60 |
| eAPM avg | 10.1 |
| Villagers / military | 79 / 10 |
Focus
⚔️ 21.4% · 🌾 78.6%
Konnik ×9 · Monk ×1
Feudal
11:40
Castle
—
Imperial
—
| APM avg | 48.1 |
| APM peak | 92 |
| eAPM avg | 26.3 |
| Villagers / military | 55 / 47 |
Focus
⚔️ 47.6% · 🌾 52.4%
Archer ×37 · Militia ×10
Match map
Initial resources + every placement click. Lines = walls · curves = elevation contours. ◆ gold · ⬟ stone · ● berries · ✦ relic · ◌ wall gap
Your base· ✓ Closed at 19:52 · 9t walls · 1 gate(s)
maxwell54's base· ✓ Closed at 21:40 · 40t walls · 1 gate(s)
Old_El_Papaye's base· ✓ Closed at 14:11 · 8t walls · 1 gate(s)
luch0_ta's base· ✓ Closed at 22:11 · 15t walls · 3 gate(s)
10jason07's base· Open — 6t gap
Sidi K's base· ✓ Closed at 14:52 · 16t walls · 2 gate(s)
虞小梅's base· ✓ Closed at 16:03 · 6t walls · 2 gate(s)
Ravamax's base· ✓ Closed at 20:15 · 0t walls · 1 gate(s)
Smoothed initial terrain · ◌ = detected wall gap · hover for details
Inputs per minute
— Obélix - - maxwell54
Build order — Obélix
113 actions detected in the replay
| 0:01 | Create | Villager (Male) |
| 0:01 | Create | Villager (Male) |
| 0:02 | Build | House |
| 0:04 | Build | House |
| 0:05 | Create | Villager (Male) |
| 0:06 | Create | Villager (Male) |
| 0:06 | Create | Villager (Male) |
| 1:34 | Create | Villager (Male) |
| 1:34 | Create | Villager (Male) |
| 2:04 | Create | Villager (Male) |
| 2:04 | Create | Villager (Male) |
| 2:27 | Build | Lumber Camp |
| 2:43 | Create | Villager (Male) |
| 2:47 | Create | Villager (Male) |
| 2:47 | Create | Villager (Male) |
| 2:47 | Create | Villager (Male) |
| 3:05 | Create | Villager (Male) |
| 3:05 | Create | Villager (Male) |
| 3:21 | Create | Villager (Male) |
| 3:21 | Create | Villager (Male) |
| 3:47 | Build | House |
| 3:49 | Build | House |
| 4:59 | Create | Villager (Male) |
| 5:03 | Create | Villager (Male) |
| 5:03 | Create | Villager (Male) |
| 5:04 | Create | Villager (Male) |
| 5:20 | Create | Villager (Male) |
| 5:27 | Create | Villager (Male) |
| 5:38 | Build | Mill |
| 6:08 | Research | Loom |
| 6:21 | Build | Palisade Wall |
| 6:40 | Research | Feudal Age |
| 6:40 | Research | Feudal Age |
| 8:05 | Build | Barracks |
| 8:51 | Age | Feudal Age |
| 8:58 | Build | Stable |
| 9:05 | Create | Villager (Male) |
| 9:26 | Research | Double-Bit Axe |
| 9:31 | Create | Scout Cavalry |
| 9:42 | Create | Scout Cavalry |
| 9:44 | Create | Villager (Male) |
| 9:44 | Create | Villager (Male) |
| 9:48 | Build | House |
| 10:19 | Build | Palisade Gate |
| 10:28 | Build | Blacksmith |
| 10:29 | Create | Villager (Male) |
| 10:33 | Create | Scout Cavalry |
| 10:51 | Build | Mill |
| 10:55 | Create | Scout Cavalry |
| 11:25 | Create | Villager (Male) |
| 11:51 | Build | House |
| 11:53 | Research | Horse Collar |
| 11:54 | Create | Villager (Male) |
| 11:54 | Create | Villager (Male) |
| 11:54 | Create | Villager (Male) |
| 11:58 | Build | Farm |
| 11:58 | Build | Farm |
| 11:59 | Build | Farm |
| 11:59 | Build | Farm |
| 11:59 | Build | Farm |
| 12:23 | Build | Farm |
| 12:25 | Build | Farm |
| 13:00 | Create | Villager (Male) |
| 13:10 | Create | Villager (Male) |
| 13:17 | Build | Farm |
| 13:45 | Create | Villager (Male) |
| 14:07 | Create | Villager (Male) |
| 14:22 | Build | Farm |
| 14:27 | Build | Farm |
| 14:27 | Build | Farm |
| 14:28 | Build | Farm |
| 14:28 | Build | Farm |
| 14:28 | Build | Farm |
| 14:28 | Build | Farm |
| 14:41 | Build | Mining Camp |
| 14:46 | Create | Villager (Male) |
| 14:54 | Build | House |
| 15:11 | Research | Town Watch |
| 15:48 | Create | Villager (Male) |
| 15:51 | Research | Wheelbarrow |
| 17:12 | Research | Castle Age |
| 17:12 | Research | Castle Age |
| 18:10 | Research | Scale Barding Armor |
| 18:16 | Build | Market |
| 18:37 | Research | Bloodlines |
| 18:50 | Research | Forging |
| 19:52 | Age | Castle Age |
| 19:57 | Build | Town Center |
| 19:58 | Create | Villager (Male) |
| 19:58 | Create | Villager (Male) |
| 20:03 | Research | Bow Saw |
| 20:29 | Research | Husbandry |
| 20:29 | Create | Knight |
| 20:29 | Create | Knight |
| 20:42 | Create | Villager (Male) |
| 20:56 | Research | Heavy Plow |
| 20:57 | Create | Villager (Male) |
| 20:58 | Create | Villager (Male) |
| 20:58 | Create | Villager (Male) |
| 21:50 | Create | Villager (Male) |
| 21:50 | Create | Villager (Male) |
| 21:51 | Create | Villager (Male) |
| 21:52 | Create | Villager (Male) |
| 21:55 | Build | Farm |
| 21:55 | Build | Farm |
| 21:55 | Build | Farm |
| 21:56 | Build | Farm |
| 21:56 | Build | Farm |
| 22:14 | Build | Town Center |
| 22:20 | Create | Villager (Male) |
| 22:23 | Create | Villager (Male) |
| 22:49 | Create | Villager (Male) |
| 22:50 | Create | Villager (Male) |
Build order — maxwell54
128 actions detected in the replay
| 0:00 | Create | Villager (Male) |
| 0:02 | Build | House |
| 0:02 | Create | Villager (Male) |
| 0:03 | Create | Villager (Male) |
| 0:05 | Create | Villager (Male) |
| 0:07 | Build | House |
| 1:28 | Create | Villager (Male) |
| 1:48 | Build | Lumber Camp |
| 2:00 | Create | Villager (Male) |
| 2:17 | Create | Villager (Male) |
| 2:46 | Create | Villager (Male) |
| 3:05 | Create | Villager (Male) |
| 3:14 | Build | House |
| 3:41 | Create | Villager (Male) |
| 3:52 | Build | House |
| 3:52 | Build | House |
| 3:58 | Create | Villager (Male) |
| 3:58 | Create | Villager (Male) |
| 4:11 | Build | House |
| 4:16 | Create | Villager (Male) |
| 5:02 | Create | Villager (Male) |
| 5:11 | Create | Villager (Male) |
| 5:20 | Create | Villager (Male) |
| 5:27 | Build | Palisade Wall |
| 5:29 | Build | Palisade Wall |
| 5:32 | Build | Palisade Gate |
| 5:33 | Create | Villager (Male) |
| 6:01 | Create | Villager (Male) |
| 6:19 | Create | Villager (Male) |
| 6:43 | Research | Loom |
| 7:14 | Create | Villager (Male) |
| 7:16 | Build | Mill |
| 7:17 | Create | Villager (Male) |
| 7:25 | Build | House |
| 8:10 | Research | Feudal Age |
| 9:02 | Build | Farm |
| 9:05 | Build | Farm |
| 9:07 | Build | Farm |
| 10:00 | Create | Villager (Male) |
| 10:20 | Age | Feudal Age |
| 10:23 | Build | Gate |
| 10:25 | Create | Villager (Male) |
| 10:32 | Research | Double-Bit Axe |
| 10:37 | Research | Horse Collar |
| 10:49 | Create | Villager (Male) |
| 11:05 | Create | Villager (Male) |
| 11:12 | Build | Barracks |
| 11:38 | Create | Villager (Male) |
| 11:50 | Create | Villager (Male) |
| 12:00 | Build | Stone Wall |
| 12:07 | Build | Stone Wall |
| 12:16 | Create | Villager (Male) |
| 12:19 | Build | Archery Range |
| 12:24 | Create | Villager (Male) |
| 12:45 | Create | Villager (Male) |
| 13:12 | Create | Villager (Male) |
| 13:16 | Build | House |
| 13:17 | Build | House |
| 13:25 | Create | Archer |
| 13:25 | Create | Archer |
| 13:25 | Create | Villager (Male) |
| 13:42 | Create | Villager (Male) |
| 13:48 | Create | Villager (Male) |
| 13:58 | Build | Stone Wall |
| 14:08 | Build | Stone Wall |
| 14:13 | Build | Stone Wall |
| 14:16 | Create | Villager (Male) |
| 14:19 | Build | House |
| 14:23 | Create | Villager (Male) |
| 14:38 | Create | Villager (Male) |
| 14:40 | Create | Villager (Male) |
| 14:55 | Build | Market |
| 14:59 | Create | Villager (Male) |
| 15:09 | Build | Mining Camp |
| 15:09 | Create | Villager (Male) |
| 15:11 | Build | Market |
| 15:12 | Create | Villager (Male) |
| 15:18 | Create | Skirmisher |
| 15:18 | Create | Skirmisher |
| 15:35 | Build | Stone Wall |
| 15:40 | Create | Villager (Male) |
| 15:49 | Build | Farm |
| 15:49 | Build | Farm |
| 15:50 | Build | Farm |
| 15:50 | Build | Farm |
| 15:50 | Build | Farm |
| 16:00 | Create | Skirmisher |
| 16:09 | Create | Villager (Male) |
| 16:31 | Create | Villager (Male) |
| 16:55 | Create | Villager (Male) |
| 17:00 | Build | Watch Tower |
| 17:01 | Create | Villager (Male) |
| 17:22 | Create | Villager (Male) |
| 17:26 | Build | Blacksmith |
| 17:26 | Create | Villager (Male) |
| 17:46 | Build | House |
| 17:46 | Build | House |
| 17:55 | Build | Mining Camp |
| 18:02 | Build | Farm |
| 19:00 | Research | Castle Age |
| 19:08 | Create | Skirmisher |
| 19:18 | Create | Villager (Male) |
| 19:22 | Create | Skirmisher |
| 19:35 | Create | Villager (Male) |
| 19:53 | Build | Farm |
| 19:56 | Build | Farm |
| 20:00 | Create | Skirmisher |
| 20:17 | Build | House |
| 20:18 | Build | House |
| 20:20 | Build | House |
| 20:23 | Create | Villager (Male) |
| 20:28 | Research | Fletching |
| 20:32 | Create | Skirmisher |
| 20:32 | Create | Skirmisher |
| 20:44 | Build | House |
| 20:50 | Create | Villager (Male) |
| 21:12 | Research | Padded Archer Armor |
| 21:30 | Create | Villager (Male) |
| 21:32 | Research | Gold Mining |
| 21:40 | Age | Castle Age |
| 21:45 | Build | Town Center |
| 21:46 | Create | Villager (Male) |
| 21:54 | Create | Villager (Male) |
| 22:08 | Create | Villager (Male) |
| 22:12 | Create | Villager (Male) |
| 22:32 | Research | Bodkin Arrow |
| 22:33 | Create | Villager (Male) |
| 22:39 | Create | Skirmisher |
Build order — Old_El_Papaye
133 actions detected in the replay
| 0:01 | Create | Villager (Male) |
| 0:01 | Create | Villager (Male) |
| 0:01 | Create | Villager (Male) |
| 0:02 | Build | House |
| 0:04 | Build | House |
| 0:18 | Create | Villager (Male) |
| 0:19 | Create | Villager (Male) |
| 1:27 | Create | Villager (Male) |
| 1:27 | Create | Villager (Male) |
| 1:52 | Build | Lumber Camp |
| 2:17 | Create | Villager (Male) |
| 2:17 | Create | Villager (Male) |
| 2:48 | Create | Villager (Male) |
| 2:49 | Create | Villager (Male) |
| 2:49 | Create | Villager (Male) |
| 2:56 | Build | House |
| 3:13 | Create | Villager (Male) |
| 3:13 | Create | Villager (Male) |
| 3:30 | Create | Villager (Male) |
| 3:30 | Create | Villager (Male) |
| 3:45 | Build | Mill |
| 4:20 | Create | Villager (Male) |
| 4:21 | Create | Villager (Male) |
| 4:31 | Build | House |
| 4:50 | Create | Villager (Male) |
| 5:16 | Create | Villager (Male) |
| 5:16 | Create | Villager (Male) |
| 5:31 | Create | Villager (Male) |
| 6:14 | Create | Villager (Male) |
| 7:01 | Create | Villager (Male) |
| 7:39 | Create | Villager (Male) |
| 7:40 | Create | Villager (Male) |
| 7:45 | Build | Mining Camp |
| 7:55 | Research | Feudal Age |
| 8:34 | Build | Palisade Wall |
| 8:52 | Create | Villager (Male) |
| 8:52 | Create | Villager (Male) |
| 8:58 | Build | House |
| 9:36 | Build | Palisade Gate |
| 10:07 | Age | Feudal Age |
| 10:11 | Build | Market |
| 10:17 | Build | Blacksmith |
| 10:22 | Build | Palisade Wall |
| 11:14 | Build | Barracks |
| 11:19 | Build | Lumber Camp |
| 11:46 | Research | Castle Age |
| 12:10 | Build | Farm |
| 12:11 | Build | Farm |
| 12:50 | Build | Stable |
| 13:02 | Build | Farm |
| 13:18 | Build | Farm |
| 13:36 | Build | House |
| 13:37 | Research | Double-Bit Axe |
| 14:07 | Create | Villager (Male) |
| 14:07 | Create | Villager (Male) |
| 14:11 | Age | Castle Age |
| 14:17 | Build | Farm |
| 14:18 | Build | Farm |
| 14:23 | Build | Farm |
| 14:40 | Create | Knight |
| 14:40 | Create | Knight |
| 14:46 | Create | Villager (Male) |
| 14:48 | Research | Horse Collar |
| 14:50 | Create | Villager (Male) |
| 15:24 | Create | Villager (Male) |
| 15:25 | Create | Knight |
| 15:26 | Create | Villager (Male) |
| 15:27 | Create | Villager (Male) |
| 15:30 | Build | Farm |
| 15:31 | Build | Farm |
| 15:37 | Create | Villager (Male) |
| 15:39 | Build | Farm |
| 15:44 | Create | Knight |
| 15:44 | Create | Knight |
| 15:52 | Build | House |
| 16:04 | Create | Villager (Male) |
| 16:07 | Build | Farm |
| 16:19 | Build | Farm |
| 16:20 | Create | Villager (Male) |
| 16:25 | Create | Knight |
| 16:26 | Create | Knight |
| 16:39 | Build | Palisade Gate |
| 16:44 | Build | Palisade Gate |
| 16:48 | Build | House |
| 16:53 | Create | Knight |
| 16:53 | Create | Knight |
| 16:58 | Build | House |
| 17:09 | Build | House |
| 17:32 | Research | Scale Barding Armor |
| 17:32 | Research | Scale Barding Armor |
| 17:47 | Create | Knight |
| 17:48 | Create | Knight |
| 17:59 | Build | Town Center |
| 18:00 | Create | Villager (Male) |
| 18:00 | Create | Villager (Male) |
| 18:29 | Build | Farm |
| 18:36 | Create | Knight |
| 18:48 | Build | House |
| 19:05 | Create | Villager (Male) |
| 19:05 | Create | Villager (Male) |
| 19:08 | Build | Farm |
| 19:24 | Build | Farm |
| 19:37 | Create | Villager (Male) |
| 19:39 | Research | Loom |
| 19:45 | Build | Farm |
| 19:45 | Build | Farm |
| 19:46 | Build | Farm |
| 19:46 | Build | Farm |
| 19:46 | Build | Farm |
| 19:46 | Build | Farm |
| 19:52 | Create | Villager (Male) |
| 19:53 | Create | Villager (Male) |
| 20:04 | Create | Knight |
| 20:04 | Create | Knight |
| 20:09 | Build | Farm |
| 20:39 | Create | Knight |
| 20:39 | Create | Knight |
| 20:39 | Create | Knight |
| 20:52 | Build | Stable |
| 21:06 | Create | Villager (Male) |
| 21:12 | Create | Knight |
| 21:13 | Create | Villager (Male) |
| 21:16 | Build | Farm |
| 21:31 | Create | Villager (Male) |
| 21:36 | Create | Villager (Male) |
| 21:40 | Build | Farm |
| 22:01 | Create | Knight |
| 22:01 | Create | Knight |
| 22:02 | Create | Villager (Male) |
| 22:03 | Create | Villager (Male) |
| 22:09 | Build | Farm |
| 22:10 | Build | Farm |
| 22:50 | Build | Palisade Gate |
Build order — luch0_ta
107 actions detected in the replay
| 0:01 | Create | Villager (Male) |
| 0:02 | Build | House |
| 0:05 | Build | House |
| 0:09 | Create | Villager (Male) ×3 |
| 1:42 | Create | Villager (Male) |
| 1:48 | Build | Lumber Camp |
| 2:05 | Create | Villager (Male) |
| 2:25 | Create | Villager (Male) |
| 2:51 | Create | Villager (Male) |
| 3:23 | Create | Villager (Male) |
| 3:36 | Build | House |
| 3:49 | Create | Villager (Male) |
| 4:32 | Create | Villager (Male) |
| 4:49 | Build | Mining Camp |
| 4:52 | Create | Villager (Male) |
| 5:05 | Create | Villager (Male) |
| 5:24 | Create | Villager (Male) |
| 5:51 | Create | Villager (Male) |
| 6:21 | Create | Villager (Male) |
| 6:50 | Build | Barracks |
| 7:03 | Research | Loom |
| 7:46 | Research | Feudal Age |
| 7:52 | Build | House |
| 7:56 | Build | House |
| 8:34 | Build | Palisade Gate |
| 8:35 | Build | Palisade Wall |
| 8:52 | Create | Villager (Male) |
| 9:12 | Create | Villager (Male) |
| 9:51 | Create | Villager (Male) |
| 9:56 | Age | Feudal Age |
| 9:59 | Build | Archery Range |
| 10:07 | Research | Double-Bit Axe |
| 10:31 | Build | Archery Range |
| 10:43 | Create | Archer |
| 10:55 | Create | Villager (Male) |
| 11:15 | Create | Archer ×5 |
| 11:28 | Create | Villager (Male) |
| 11:33 | Build | Blacksmith |
| 11:49 | Create | Archer |
| 12:07 | Create | Villager (Male) |
| 12:08 | Research | Fletching |
| 12:09 | Research | Fletching |
| 12:13 | Build | Mill |
| 12:25 | Build | House |
| 12:26 | Build | House |
| 12:28 | Create | Archer |
| 13:21 | Create | Villager (Male) |
| 13:23 | Create | Archer |
| 13:30 | Create | Archer |
| 13:37 | Create | Archer |
| 13:49 | Create | Archer |
| 13:54 | Build | Lumber Camp |
| 13:57 | Create | Villager (Male) |
| 13:58 | Create | Archer |
| 14:12 | Create | Archer |
| 14:25 | Create | Archer |
| 14:30 | Create | Villager (Male) |
| 14:45 | Build | Market |
| 14:46 | Create | Archer |
| 14:54 | Create | Villager (Male) |
| 15:07 | Create | Villager (Male) |
| 15:12 | Build | Farm |
| 15:14 | Build | Farm |
| 15:15 | Build | Farm |
| 15:18 | Build | House |
| 16:00 | Research | Padded Archer Armor |
| 16:06 | Create | Villager (Male) |
| 16:08 | Build | Farm |
| 16:11 | Build | Farm |
| 16:11 | Create | Villager (Male) |
| 16:14 | Create | Archer |
| 16:31 | Create | Archer |
| 16:36 | Create | Villager (Male) |
| 16:43 | Build | House |
| 16:44 | Build | House |
| 16:45 | Build | House |
| 17:11 | Create | Villager (Male) |
| 18:16 | Create | Villager (Male) |
| 18:16 | Create | Villager (Male) |
| 18:16 | Create | Villager (Male) |
| 18:33 | Create | Villager (Male) |
| 18:43 | Create | Villager (Male) |
| 19:20 | Build | Farm |
| 19:20 | Build | Farm |
| 19:20 | Build | Farm |
| 19:20 | Build | Farm |
| 19:23 | Research | Castle Age |
| 19:35 | Build | Gate |
| 19:38 | Build | Stone Wall |
| 19:46 | Build | Lumber Camp |
| 19:48 | Create | Villager (Male) |
| 19:54 | Create | Archer |
| 20:11 | Build | Stone Wall |
| 20:13 | Create | Archer |
| 20:17 | Build | Farm |
| 20:21 | Create | Archer |
| 20:28 | Create | Villager (Male) |
| 20:52 | Create | Archer |
| 20:59 | Build | Stone Wall |
| 21:01 | Build | Stone Wall |
| 21:02 | Build | Stone Wall |
| 21:07 | Create | Archer |
| 21:11 | Create | Archer |
| 22:06 | Build | Gate |
| 22:09 | Build | Stone Wall |
| 22:10 | Build | Stone Wall |
| 22:11 | Age | Castle Age |
Build order — 10jason07
140 actions detected in the replay
| 0:01 | Create | Villager (Male) |
| 0:01 | Create | Villager (Male) |
| 0:04 | Build | House |
| 0:06 | Build | House |
| 0:10 | Create | Villager (Male) |
| 0:10 | Create | Villager (Male) |
| 1:23 | Create | Villager (Male) |
| 1:46 | Build | Lumber Camp |
| 2:01 | Create | Villager (Male) |
| 2:01 | Create | Villager (Male) |
| 2:14 | Create | Villager (Male) |
| 2:49 | Create | Villager (Male) |
| 3:08 | Create | Villager (Male) |
| 3:08 | Create | Villager (Male) |
| 3:38 | Create | Villager (Male) |
| 3:38 | Create | Villager (Male) |
| 3:39 | Create | Villager (Male) |
| 3:50 | Build | House |
| 4:17 | Create | Villager (Male) |
| 4:17 | Create | Villager (Male) |
| 4:55 | Create | Villager (Male) |
| 4:55 | Create | Villager (Male) |
| 4:57 | Create | Villager (Male) |
| 5:00 | Create | Villager (Male) |
| 5:05 | Create | Villager (Male) |
| 5:14 | Build | Mill |
| 5:34 | Create | Villager (Male) |
| 6:35 | Research | Feudal Age |
| 6:35 | Research | Feudal Age |
| 7:33 | Build | House |
| 7:35 | Create | Villager (Male) |
| 8:00 | Build | House |
| 8:28 | Build | House |
| 8:51 | Age | Feudal Age |
| 8:54 | Build | Stable |
| 8:58 | Create | Villager (Male) |
| 8:59 | Research | Double-Bit Axe |
| 9:01 | Create | Villager (Male) |
| 9:09 | Research | Horse Collar |
| 9:22 | Create | Villager (Male) |
| 9:47 | Build | Farm |
| 10:07 | Create | Scout Cavalry |
| 10:07 | Create | Scout Cavalry |
| 10:08 | Create | Villager (Male) |
| 10:12 | Build | Farm |
| 10:19 | Build | Farm |
| 10:31 | Create | Villager (Male) |
| 10:45 | Create | Scout Cavalry |
| 10:50 | Build | Farm |
| 11:02 | Create | Villager (Male) |
| 11:14 | Create | Villager (Male) |
| 11:16 | Build | Farm |
| 11:19 | Create | Scout Cavalry |
| 11:24 | Build | Farm |
| 11:32 | Build | House |
| 11:33 | Build | House |
| 11:39 | Create | Villager (Male) |
| 11:51 | Build | Farm |
| 11:55 | Create | Scout Cavalry |
| 11:58 | Build | Farm |
| 12:06 | Create | Villager (Male) |
| 12:17 | Create | Scout Cavalry |
| 12:20 | Build | Farm |
| 12:31 | Build | Farm |
| 12:39 | Create | Scout Cavalry |
| 12:42 | Create | Villager (Male) |
| 12:55 | Create | Villager (Male) |
| 12:58 | Build | Farm |
| 13:13 | Build | Blacksmith |
| 13:25 | Create | Villager (Male) |
| 13:28 | Build | Farm |
| 13:44 | Create | Villager (Male) |
| 13:50 | Build | Mining Camp |
| 14:01 | Research | Forging |
| 14:01 | Create | Villager (Male) |
| 14:22 | Create | Villager (Male) |
| 14:57 | Create | Villager (Male) |
| 15:09 | Build | Farm |
| 15:26 | Create | Villager (Male) |
| 15:59 | Research | Castle Age |
| 15:59 | Research | Castle Age |
| 16:36 | Build | House |
| 16:38 | Build | House |
| 16:43 | Research | Bloodlines |
| 16:43 | Research | Bloodlines |
| 16:45 | Create | Villager (Male) |
| 16:47 | Build | Stable |
| 16:52 | Build | Lumber Camp |
| 17:11 | Research | Scale Barding Armor |
| 18:02 | Create | Villager (Male) |
| 18:07 | Build | Farm |
| 18:21 | Create | Villager (Male) |
| 18:33 | Create | Scout Cavalry |
| 18:34 | Create | Scout Cavalry |
| 18:39 | Age | Castle Age |
| 18:41 | Build | Town Center |
| 18:43 | Create | Knight |
| 18:43 | Create | Knight |
| 18:43 | Create | Knight |
| 18:53 | Research | Loom |
| 18:55 | Build | House |
| 19:03 | Build | House |
| 19:08 | Create | Knight |
| 19:13 | Create | Knight |
| 19:14 | Create | Villager (Male) |
| 19:28 | Research | Husbandry |
| 19:32 | Create | Villager (Male) |
| 19:34 | Research | Wheelbarrow |
| 19:35 | Research | Loom |
| 19:37 | Build | Farm |
| 19:40 | Build | Farm |
| 19:56 | Build | Farm |
| 20:00 | Build | Farm |
| 20:08 | Build | Farm |
| 20:09 | Build | Farm |
| 20:09 | Build | Farm |
| 20:09 | Build | Farm |
| 20:09 | Build | Farm |
| 20:18 | Create | Knight |
| 20:18 | Create | Knight |
| 20:19 | Create | Villager (Male) |
| 20:19 | Create | Villager (Male) |
| 20:19 | Create | Villager (Male) |
| 20:29 | Build | Farm |
| 20:30 | Create | Villager (Male) |
| 20:38 | Build | Farm |
| 20:52 | Create | Knight |
| 20:53 | Create | Villager (Male) |
| 20:54 | Create | Villager (Male) |
| 21:05 | Create | Knight |
| 21:13 | Create | Villager (Male) |
| 21:14 | Create | Villager (Male) |
| 21:20 | Create | Knight |
| 21:20 | Create | Knight |
| 21:24 | Build | Farm |
| 21:25 | Build | Farm |
| 21:36 | Build | Farm |
| 21:39 | Build | Farm |
| 21:51 | Create | Knight |
| 21:51 | Create | Knight |
Build order — Sidi K
109 actions detected in the replay
| 0:01 | Create | Villager (Male) |
| 0:02 | Create | Villager (Male) |
| 0:03 | Build | House |
| 0:05 | Build | House |
| 0:06 | Create | Villager (Male) |
| 0:06 | Create | Villager (Male) |
| 1:30 | Create | Villager (Male) |
| 1:47 | Build | Lumber Camp |
| 1:56 | Create | Villager (Male) |
| 2:33 | Create | Villager (Male) |
| 2:52 | Create | Villager (Male) |
| 3:19 | Create | Villager (Male) |
| 3:35 | Build | House |
| 3:36 | Build | House |
| 3:47 | Build | Palisade Wall |
| 3:59 | Create | Villager (Male) |
| 3:59 | Create | Villager (Male) |
| 4:08 | Build | House |
| 4:33 | Create | Villager (Male) |
| 4:53 | Build | Palisade Gate |
| 5:05 | Create | Villager (Male) |
| 5:16 | Build | Mill |
| 5:29 | Build | Palisade Wall |
| 5:30 | Build | Palisade Wall |
| 5:34 | Create | Villager (Male) |
| 6:02 | Create | Villager (Male) |
| 6:27 | Build | House |
| 6:38 | Create | Villager (Male) |
| 6:38 | Create | Villager (Male) |
| 7:27 | Create | Villager (Male) |
| 7:55 | Create | Villager (Male) |
| 8:15 | Create | Villager (Male) |
| 8:31 | Build | Mining Camp |
| 8:47 | Create | Villager (Male) |
| 9:06 | Research | Feudal Age |
| 9:23 | Build | Mining Camp |
| 11:12 | Create | Villager (Male) |
| 11:18 | Create | Villager (Male) |
| 11:22 | Age | Feudal Age |
| 11:23 | Build | Blacksmith |
| 11:30 | Build | Market |
| 12:03 | Build | Gate |
| 12:05 | Build | Stone Wall |
| 12:07 | Build | Stone Wall |
| 12:11 | Build | Stone Wall |
| 12:12 | Research | Castle Age |
| 12:12 | Research | Castle Age |
| 12:13 | Research | Castle Age |
| 12:54 | Create | Villager (Male) |
| 13:01 | Build | House |
| 13:18 | Build | Farm |
| 13:21 | Build | Farm |
| 13:46 | Research | Double-Bit Axe |
| 13:47 | Research | Horse Collar |
| 13:48 | Research | Horse Collar |
| 14:17 | Build | House |
| 14:24 | Create | Villager (Male) |
| 14:52 | Age | Castle Age |
| 14:59 | Create | Villager (Male) |
| 15:03 | Build | House |
| 15:19 | Build | Castle |
| 15:22 | Create | Villager (Male) |
| 15:52 | Research | Scale Barding Armor |
| 15:52 | Research | Scale Barding Armor |
| 16:15 | Build | Farm |
| 16:19 | Build | Farm |
| 16:23 | Build | Farm |
| 16:26 | Create | Villager (Male) |
| 16:36 | Build | Farm |
| 16:49 | Build | Farm |
| 17:00 | Create | Unit 1908 |
| 17:00 | Create | Unit 1908 |
| 17:09 | Create | Villager (Male) |
| 17:29 | Create | Unit 1908 |
| 17:30 | Create | Unit 1908 |
| 17:31 | Create | Villager (Male) |
| 17:31 | Create | Villager (Male) |
| 17:59 | Create | Villager (Male) |
| 18:21 | Create | Unit 1908 |
| 18:32 | Build | Farm |
| 18:33 | Build | Farm |
| 18:40 | Create | Villager (Male) |
| 18:40 | Create | Villager (Male) |
| 19:08 | Create | Villager (Male) |
| 19:08 | Create | Villager (Male) |
| 19:30 | Create | Unit 1908 |
| 19:34 | Create | Villager (Male) |
| 19:55 | Research | Loom |
| 20:09 | Create | Unit 1908 |
| 20:19 | Build | Farm |
| 20:24 | Build | Farm |
| 20:25 | Build | Farm |
| 20:26 | Create | Villager (Male) |
| 20:32 | Create | Unit 1908 |
| 21:06 | Build | Castle |
| 21:10 | Create | Unit 1908 |
| 21:26 | Create | Unit 1908 |
| 21:27 | Create | Villager (Male) |
| 21:27 | Create | Villager (Male) |
| 21:33 | Build | Town Center |
| 22:12 | Create | Villager (Male) |
| 22:13 | Create | Villager (Male) |
| 22:25 | Build | Mining Camp |
| 22:27 | Create | Villager (Male) |
| 22:31 | Create | Unit 1908 |
| 22:32 | Create | Unit 1908 |
| 22:41 | Build | Farm |
| 22:42 | Create | Villager (Male) |
| 22:46 | Build | Farm |
Build order — 虞小梅
118 actions detected in the replay
| 0:01 | Create | Villager (Male) ×4 |
| 0:02 | Create | Villager (Male) ×4 |
| 0:03 | Build | House |
| 0:05 | Build | House |
| 1:28 | Create | Villager (Male) |
| 1:29 | Create | Villager (Male) |
| 1:52 | Build | Lumber Camp |
| 2:10 | Create | Villager (Male) |
| 2:10 | Create | Villager (Male) |
| 2:22 | Create | Villager (Male) |
| 2:48 | Create | Villager (Male) |
| 3:16 | Create | Villager (Male) |
| 3:32 | Build | House |
| 3:33 | Build | House |
| 3:52 | Create | Villager (Male) |
| 3:52 | Create | Villager (Male) |
| 4:11 | Create | Villager (Male) |
| 4:12 | Create | Villager (Male) |
| 4:17 | Create | Villager (Male) |
| 4:41 | Build | Palisade Wall |
| 4:52 | Build | Mill |
| 4:57 | Create | Villager (Male) |
| 4:57 | Create | Villager (Male) ×2 |
| 4:57 | Create | Villager (Male) |
| 5:19 | Build | House |
| 5:23 | Build | Palisade Gate |
| 5:27 | Create | Villager (Male) |
| 5:28 | Create | Villager (Male) |
| 5:57 | Create | Villager (Male) |
| 5:58 | Create | Villager (Male) |
| 6:19 | Create | Villager (Male) ×2 |
| 6:20 | Create | Villager (Male) ×3 |
| 6:20 | Create | Villager (Male) |
| 6:24 | Build | Mill |
| 6:58 | Research | Loom |
| 6:59 | Create | Villager (Male) ×3 |
| 6:59 | Create | Villager (Male) ×3 |
| 7:23 | Create | Villager (Male) |
| 7:23 | Create | Villager (Male) |
| 8:36 | Build | Farm |
| 8:37 | Build | Farm |
| 8:38 | Build | Farm |
| 8:40 | Create | Villager (Male) |
| 8:41 | Create | Villager (Male) |
| 9:14 | Build | Farm |
| 9:19 | Research | Feudal Age |
| 10:20 | Build | Mining Camp |
| 10:45 | Create | Villager (Male) |
| 10:46 | Create | Villager (Male) |
| 10:46 | Create | Villager (Male) |
| 11:29 | Age | Feudal Age |
| 11:59 | Build | Blacksmith |
| 12:05 | Build | Gate |
| 12:11 | Create | Villager (Male) |
| 12:39 | Build | Market |
| 12:52 | Research | Double-Bit Axe |
| 13:15 | Create | Villager (Male) |
| 13:23 | Research | Castle Age |
| 13:32 | Build | Mining Camp |
| 13:40 | Research | Horse Collar |
| 14:00 | Build | Farm |
| 14:04 | Build | Farm |
| 15:33 | Create | Villager (Male) |
| 15:34 | Create | Villager (Male) |
| 16:03 | Age | Castle Age |
| 16:04 | Research | Bow Saw |
| 16:18 | Build | Krepost |
| 16:23 | Research | Heavy Plow |
| 16:35 | Build | Farm |
| 16:40 | Research | Wheelbarrow |
| 16:44 | Build | Farm |
| 17:06 | Create | Villager (Male) |
| 17:31 | Create | Villager (Male) |
| 17:31 | Create | Villager (Male) |
| 17:38 | Build | Town Center |
| 17:42 | Create | Konnik |
| 17:43 | Create | Konnik |
| 18:04 | Create | Konnik |
| 18:18 | Build | Monastery |
| 18:28 | Build | Farm |
| 18:47 | Create | Villager (Male) |
| 18:50 | Create | Konnik |
| 19:03 | Create | Villager (Male) |
| 19:12 | Create | Villager (Male) |
| 19:30 | Build | Farm |
| 19:33 | Build | Farm |
| 19:34 | Build | Farm |
| 19:35 | Build | Farm |
| 19:36 | Build | Farm |
| 19:40 | Create | Konnik |
| 19:47 | Create | Villager (Male) |
| 19:48 | Create | Villager (Male) |
| 19:50 | Create | Villager (Male) |
| 19:50 | Create | Villager (Male) |
| 20:04 | Create | Monk |
| 20:15 | Create | Villager (Male) |
| 20:15 | Create | Villager (Male) |
| 20:21 | Build | Farm |
| 20:22 | Build | Farm |
| 20:23 | Build | Farm |
| 20:24 | Build | Farm |
| 20:26 | Create | Villager (Male) ×2 |
| 20:27 | Create | Villager (Male) ×2 |
| 20:34 | Build | Farm |
| 20:47 | Build | Krepost |
| 20:53 | Create | Villager (Male) ×2 |
| 20:53 | Create | Villager (Male) ×2 |
| 21:15 | Create | Konnik |
| 21:17 | Create | Villager (Male) |
| 21:17 | Create | Villager (Male) |
| 21:39 | Create | Villager (Male) ×3 |
| 21:54 | Create | Konnik |
| 21:56 | Create | Villager (Male) |
| 22:12 | Build | Town Center |
| 22:41 | Create | Villager (Male) |
| 22:41 | Create | Villager (Male) |
| 22:43 | Create | Konnik |
| 22:48 | Create | Konnik |
Build order — Ravamax
First 150 of 167 actions detected
| 0:01 | Create | Villager (Male) |
| 0:01 | Create | Villager (Male) |
| 0:02 | Build | House |
| 0:03 | Build | House |
| 0:08 | Create | Villager (Male) |
| 0:09 | Create | Villager (Male) |
| 1:26 | Create | Villager (Male) |
| 1:26 | Create | Villager (Male) |
| 1:49 | Build | Lumber Camp |
| 2:02 | Create | Villager (Male) |
| 2:02 | Create | Villager (Male) |
| 2:02 | Create | Villager (Male) |
| 2:29 | Create | Villager (Male) |
| 2:35 | Create | Villager (Male) |
| 2:36 | Create | Villager (Male) |
| 3:11 | Create | Villager (Male) |
| 3:11 | Create | Villager (Male) |
| 3:32 | Create | Villager (Male) |
| 3:49 | Build | House |
| 4:04 | Create | Villager (Male) |
| 4:08 | Build | Mining Camp |
| 4:37 | Create | Villager (Male) |
| 4:38 | Create | Villager (Male) |
| 4:38 | Create | Villager (Male) |
| 4:55 | Build | Barracks |
| 5:40 | Create | Villager (Male) |
| 5:41 | Create | Villager (Male) |
| 5:47 | Create | Militia |
| 5:48 | Create | Militia |
| 5:48 | Create | Militia |
| 5:52 | Create | Militia |
| 5:52 | Create | Militia |
| 5:59 | Create | Villager (Male) |
| 6:02 | Build | House |
| 6:14 | Build | Mill |
| 6:18 | Create | Villager (Male) |
| 6:33 | Build | House |
| 6:56 | Create | Militia |
| 7:00 | Build | House |
| 7:08 | Create | Villager (Male) |
| 7:09 | Create | Villager (Male) |
| 7:22 | Create | Militia |
| 8:40 | Create | Villager (Male) |
| 8:52 | Research | Loom |
| 8:58 | Build | House |
| 9:02 | Build | Palisade Gate |
| 9:05 | Build | House |
| 9:25 | Research | Feudal Age |
| 9:41 | Create | Militia |
| 9:41 | Create | Militia |
| 9:41 | Create | Militia |
| 10:02 | Build | House |
| 10:12 | Create | Villager (Male) |
| 10:12 | Create | Villager (Male) |
| 11:31 | Build | Farm |
| 11:40 | Age | Feudal Age |
| 11:42 | Build | Archery Range |
| 11:45 | Build | Archery Range |
| 11:47 | Build | Blacksmith |
| 11:49 | Create | Villager (Male) |
| 11:49 | Create | Villager (Male) |
| 11:51 | Research | Double-Bit Axe |
| 11:52 | Research | Double-Bit Axe |
| 11:58 | Research | Man-at-Arms (upgrade) |
| 12:06 | Create | Villager (Male) |
| 12:06 | Create | Villager (Male) |
| 12:07 | Create | Villager (Male) |
| 12:07 | Create | Villager (Male) |
| 12:30 | Create | Archer |
| 12:30 | Create | Archer |
| 12:48 | Create | Villager (Male) |
| 12:53 | Build | Farm |
| 12:54 | Build | Farm |
| 13:04 | Research | Fletching |
| 13:20 | Build | Farm |
| 13:22 | Create | Archer |
| 13:22 | Create | Archer |
| 13:22 | Create | Archer |
| 13:23 | Create | Archer |
| 13:32 | Create | Villager (Male) |
| 13:32 | Create | Villager (Male) |
| 13:46 | Create | Archer |
| 13:46 | Create | Archer |
| 13:46 | Create | Archer |
| 13:51 | Build | Farm |
| 13:57 | Create | Archer |
| 13:57 | Create | Archer |
| 14:07 | Create | Villager (Male) |
| 14:23 | Create | Archer |
| 14:23 | Create | Archer |
| 14:23 | Create | Archer |
| 14:24 | Create | Villager (Male) |
| 14:24 | Create | Villager (Male) |
| 14:25 | Create | Villager (Male) |
| 14:26 | Build | Farm |
| 14:27 | Build | Farm |
| 14:32 | Create | Archer |
| 14:32 | Create | Archer |
| 14:32 | Create | Archer |
| 14:32 | Create | Archer |
| 14:47 | Create | Archer |
| 14:48 | Create | Archer |
| 15:02 | Create | Villager (Male) |
| 15:04 | Build | House |
| 15:07 | Build | Farm |
| 15:08 | Research | Horse Collar |
| 15:09 | Create | Archer |
| 15:10 | Create | Archer |
| 15:10 | Create | Archer |
| 15:10 | Create | Archer |
| 15:14 | Build | House |
| 15:39 | Create | Villager (Male) |
| 15:40 | Create | Villager (Male) |
| 15:40 | Create | Villager (Male) |
| 15:42 | Build | Farm |
| 15:47 | Create | Archer |
| 15:47 | Create | Archer |
| 16:15 | Create | Archer |
| 16:15 | Create | Archer |
| 16:15 | Create | Villager (Male) |
| 16:15 | Create | Villager (Male) |
| 16:19 | Research | Gold Mining |
| 16:40 | Build | Farm |
| 16:40 | Build | Farm |
| 16:40 | Build | Farm |
| 16:41 | Build | Farm |
| 16:41 | Build | Farm |
| 16:43 | Create | Villager (Male) |
| 16:43 | Create | Villager (Male) |
| 16:43 | Create | Villager (Male) |
| 17:07 | Create | Villager (Male) |
| 17:09 | Build | House |
| 17:13 | Build | House |
| 17:15 | Build | House |
| 17:46 | Create | Villager (Male) |
| 17:48 | Build | Farm |
| 17:48 | Build | Farm |
| 17:49 | Build | Farm |
| 17:49 | Build | Farm |
| 17:49 | Build | Farm |
| 17:49 | Build | Farm |
| 17:50 | Build | Farm |
| 17:50 | Build | Farm |
| 18:01 | Research | Wheelbarrow |
| 18:11 | Build | Farm |
| 18:38 | Build | House |
| 18:41 | Build | Farm |
| 18:46 | Create | Villager (Male) |
| 18:46 | Create | Villager (Male) |
| 19:24 | Create | Villager (Male) |
Match timeline
| 3:47 | Sidi K · wall_segment Palisade Wall x1 |
| 4:41 | 虞小梅 · wall_segment Palisade Wall x6 |
| 4:55 | Ravamax · first_building Barracks |
| 5:27 | maxwell54 · wall_segment Palisade Wall x2 |
| 5:29 | Sidi K · wall_segment Palisade Wall x5 |
| 5:29 | maxwell54 · wall_segment Palisade Wall x7 |
| 5:30 | Sidi K · wall_segment Palisade Wall x1 |
| 6:21 | Obélix · wall_segment Palisade Wall x9 |
| 6:50 | luch0_ta · first_building Barracks |
| 8:05 | Obélix · first_building Barracks |
| 8:34 | Old_El_Papaye · wall_segment Palisade Wall x7 |
| 8:35 | luch0_ta · wall_segment Palisade Wall x1 |
| 8:51 | Obélix · age_up feudal |
| 8:51 | 10jason07 · age_up feudal |
| 8:54 | 10jason07 · first_building Stable |
| 8:58 | Obélix · first_building Stable |
| 9:56 | luch0_ta · age_up feudal |
| 9:59 | luch0_ta · first_building Archery Range |
| 10:07 | Old_El_Papaye · age_up feudal |
| 10:20 | maxwell54 · age_up feudal |
| 10:22 | Old_El_Papaye · wall_segment Palisade Wall x1 |
| 11:12 | maxwell54 · first_building Barracks |
| 11:14 | Old_El_Papaye · first_building Barracks |
| 11:22 | Sidi K · age_up feudal |
| 11:29 | 虞小梅 · age_up feudal |
| 11:29 | Old_El_Papaye · first_market_sell 100 stone |
| 11:30 | Old_El_Papaye · first_market_buy 100 food |
| 11:40 | Ravamax · age_up feudal |
| 11:42 | Ravamax · first_building Archery Range |
| 12:00 | maxwell54 · wall_segment Stone Wall x7 |
| 12:05 | Sidi K · wall_segment Stone Wall x1 |
| 12:07 | maxwell54 · wall_segment Stone Wall x7 |
| 12:07 | Sidi K · wall_segment Stone Wall x3 |
| 12:11 | Sidi K · wall_segment Stone Wall x5 |
| 12:19 | maxwell54 · first_building Archery Range |
| 12:50 | Old_El_Papaye · first_building Stable |
| 13:58 | maxwell54 · wall_segment Stone Wall x1 |
| 14:08 | maxwell54 · wall_segment Stone Wall x3 |
| 14:11 | Old_El_Papaye · age_up castle |
| 14:13 | maxwell54 · wall_segment Stone Wall x4 |
| 14:52 | Sidi K · age_up castle |
| 15:19 | Sidi K · first_building Castle |
| 15:35 | maxwell54 · wall_segment Stone Wall x11 |
| 16:03 | 虞小梅 · age_up castle |
| 16:18 | 虞小梅 · first_building Krepost |
| 16:52 | maxwell54 · first_market_sell 100 wood |
| 16:54 | maxwell54 · first_market_buy 100 stone |
| 17:05 | Sidi K · first_market_sell 100 stone |
| 17:07 | Sidi K · first_market_buy 100 food |
| 18:18 | 虞小梅 · first_building Monastery |
| 18:39 | 10jason07 · age_up castle |
| 18:52 | luch0_ta · first_market_sell 100 wood |
| 18:53 | luch0_ta · first_market_buy 100 food |
| 19:38 | luch0_ta · wall_segment Stone Wall x1 |
| 19:52 | Obélix · age_up castle |
| 20:11 | luch0_ta · wall_segment Stone Wall x5 |
| 20:14 | Ravamax · first_market_buy 100 food |
| 20:59 | luch0_ta · wall_segment Stone Wall x1 |
| 21:01 | luch0_ta · wall_segment Stone Wall x1 |
| 21:02 | luch0_ta · wall_segment Stone Wall x3 |
| 21:40 | maxwell54 · age_up castle |
| 22:08 | Obélix · first_market_buy 100 wood |
| 22:09 | 10jason07 · resign |
| 22:09 | luch0_ta · wall_segment Stone Wall x2 |
| 22:10 | luch0_ta · wall_segment Stone Wall x1 |
| 22:11 | luch0_ta · age_up castle |
[ AI ANALYSIS · 1 CREDIT ]
What really happened in this match?
Wolo.gg analyzes every decision: build order, eco, micro, common mistakes by bracket. Personalized analysis on WhatsApp or Discord in 30 seconds.
Civ guide
Mongols
Perfil
Obélix